 Dungeon Sprint DCSS version 0.31-a0-210-gccc998df9b (webtiles) character file.

Game seed: 13313906289259234653

13 123456 the Trooper (level 2, -10/28 HPs)
             Began as a Minotaur Fighter on June 29, 2023.
             Mangled by an ogre
             ... wielding a +0 giant club
              (12 damage)
             ... in the Dungeon (Sprint IX: "|||||||||||||||||||||||||||||").
             The game lasted 00:00:13 (223 turns).

123456 the Trooper (Minotaur Fighter)                Turns: 223, Time: 00:00:14

Health: -10/28     AC:  7    Str: 20    XL:     2   Next: 24%
Magic:  1/1        EV:  9    Int:  5    God:
Gold:   0          SH:  4    Dex:  9    Spells: 1/1 levels left

rFire   . . .        a - +0 flail
rCold   . . .        c - +0 buckler
rNeg    . . .        b - +0 scale mail
rPois   .            (helmet restricted)
rElec   .            (no cloak)
rCorr   .            (no gloves)
SInv    .            (no boots)
Will    .....        (no amulet) Stlth
                     (no ring)
HPRegen 0.24/turn    (no ring)
MPRegen 0.07/turn

%: no teleportation
@: no status effects
A: horns 2, retaliatory headbutt
a: no special abilities


You were in the Dungeon.
You visited 1 branch

Inventory:

Hand Weapons
 a - a +0 flail (weapon)
Armour
 b - a +0 scale mail (worn)
 c - a +0 buckler (worn)
Scrolls
 j - a scroll of blinking
Potions
 d - a potion of might
 e - a potion of curing
 f - a potion of heal wounds
 g - a potion of haste
 h - 2 potions of magic
 i - a potion of berserk rage


   Skills:
 * Level 4.9 Fighting
 * Level 4.0 Maces & Flails
 + Level 4.2 Armour
 + Level 1.6 Dodging
 - Level 3.6 Shields


You had one spell level left.
You didn't know any spells.
Your spell library was empty.

Dungeon Overview and Level Annotations

Branches:
Dungeon (1/1)

Altars:


Innate Abilities, Weirdness & Mutations

You have a pair of horns on your head.
You reflexively headbutt those who attack you in melee.


Message History

You hit the rat.
You kill the rat!
Your Maces & Flails skill increases to level 4!
You hit the ball python.
The ball python is moderately wounded.
The ball python misses you. You furiously retaliate!
You headbutt the ball python!
You kill the ball python!
You see here a ball python corpse.
You start resting.
HP restored.
You start waiting.
Done waiting.
You open the door. 2 hounds, an ice beast, an orc and an ogre come into view.
The orc is wielding a +1 hand axe of electrocution.
The hound barks!
The orc shouts!
The ogre shouts!
Unknown command.
Unknown command.
You barely miss the ogre. The ogre hits you with a +0 giant club.
You hit the ogre but do no damage.
The ogre hits you with a +0 giant club!!
Ouch! That really hurt!
* * * LOW HITPOINT WARNING * * *
You are too injured to fight recklessly!
You are too injured to fight recklessly!
Unknown command.
Unknown command.
You sock the ogre!
The ogre is moderately wounded.
The ogre closely misses you.
You hit the ogre.
The ogre is heavily wounded.
You barely miss the ogre.
The ogre is heavily wounded.
The ogre completely misses you.
You sock the ogre! Your headbutt misses the ogre.
The ogre is almost dead.
The ogre hits you with a +0 giant club!
You die... ▓▓▓▓▓▓▓▓▓▓▓▓▓▓▓▓▓▓ +.hhYoO@..†)'...<▓ ▓▓▓▓▓▓▓▓▓▓▓▓▓▓▓▓▓▓

You could see an ice beast, an ogre, a hound, an orc and a jackal.

Vanquished Creatures
  A gnoll (D)
  A ball python (D)
  A kobold (D)
  2 rats (D)
5 creatures vanquished.

Notes
Turn   | Place    | Note
-------+----------+-------------------------------------------
     0 | D        | 123456 the Minotaur Fighter began the quest for the Orb.
     0 | D        | Reached XP level 1. HP: 19/19 MP: 0/0
    11 | D        | Reached skill level 1 in Dodging
    11 | D        | Reached XP level 2. HP: 2/28 MP: 1/1
   217 | D        | Noticed an ice beast
   217 | D        | Noticed an ogre
   219 | D        | HP: 1/28 [ogre/+0 giant club (25)]
   223 | D        | Mangled by an ogre

Illustrated notes

Levels and vault maps discovered:
D:        linesprint [early_d, line_temple, items_1, d_10, items_2, lair_1,
          lair_end, items_3, orc_1, orc_end, items_4, d_15, swamp_1, shoals_1,
          snake_1, spider_1, d_20, vaults_1, items_5, swamp_end, shoals_end,
          snake_end, spider_end, vaults_end, d_27, items_6, zot_1, zot_end,
          crypt_end, forest_end, elf_end, slime_end, tomb_end, abyss_end,
          pan_hell_end]

Skill      XL: |  1  2 |
---------------+-------+-----
Fighting       | 4 |  4.9
Maces & Flails | 3 4 |  4.0
Armour         | 4 |  4.2
Dodging        | 1 |  1.6
Shields        | |  3.6

Action                     || total
---------------------------++-------
  Melee: Flail             ||    18
         Headbutt          ||     1
 Armour: Scale mail        ||     4
  Dodge: Dodged            ||     3
  Block: Buckler           ||     3

Table legend: (Time is in decaauts)
 A = Elapsed time spent in this place.
 B = Non-inter-level travel time spent in this place.
 C = Inter-level travel time spent in this place.
 D = Time resting spent in this place.
 E = Time spent auto-exploring this place.
 F = Levels seen in this place.
 G = Mean time per level.
                   A        B        C        D        E       F      G
               +--------+--------+--------+--------+--------+-----+--------+
         Total |    227 |    227 |      0 |    195 |      5 |   1 |  227.0 |
       Dungeon |    227 |    227 |      0 |    195 |      5 |   1 |  227.0 |
               +--------+--------+--------+--------+--------+-----+--------+

Top non-repeatable levels by time:
       D: 227 daAuts
